AoeStats
← AlLaN

Fortress

509888649Analyzed
4v4 RM · 5d ago on Sep 28, 2026· 35m 9s· 8 players
Game mode
Random Map
Map size
Huge
Population
200
Speed
Normal
Resources
Standard
Victory
Conquest
Starting age
Dark Age
Ending age
Imperial Age
RankedLock teamsTeams togetherTeam positionsShared explorationLock speedFull tech treeHidden civsTurbo modeCheats
Victory
Defeat
🇹🇷 Turks · Türkiye
953
+14
🇫🇷 Ethiopians · France
945
+15
🇩🇪 Teutons · Germany
920
+16
🇹🇷 Huns · Türkiye
903
+16
🇩🇪 Turks · Germany
943
-16
🇦🇷 Franks · Argentina
916
-15
🇨🇳 Wu · China
913
-15
🇹🇼 Huns · Taiwan
898
-15
Micky
6:19 Feudal Age
11:20 Castle Age
9:32 Horse Collar
9:40 Double-Bit Axe
10:25 Gold Mining
20:47 Scale Mail Armor
20:54 Scale Barding Armor
26:12 Bow Saw
26:51 Loom
27:52 Town Watch
28:37 Heavy Plow
29:53 Forging
30:08 Sanctity
30:03 Fervor
30:33 Bloodlines
30:45 Chain Barding Armor
33:01 Iron Casting
36:29 Imperial Age
34:35 Wheelbarrow
34:01 Town Patrol
34:15 Fletching
34:26 Padded Archer Armor
34:26 Scale Mail Armor
34:35 Caravan
34:38 Squires
35:37 Ballistics
AlLaN
7:35 Feudal Age
13:07 Castle Age
11:11 Horse Collar
11:21 Double-Bit Axe
12:44 Gold Mining
14:09 Bow Saw
14:32 Heavy Plow
15:46 Wheelbarrow
18:10 Arson
19:19 Forging
20:08 Scale Mail Armor
21:10 Hand Cart
26:24 Imperial Age
26:00 Stone Mining
26:52 Gold Shaft Mining
28:19 Two-Man Saw
27:59 Fletching
28:10 Padded Archer Armor
29:21 Stone Shaft Mining
28:55 Elite Shotel Warrior
30:30 Iron Casting
30:29 Bodkin Arrow
30:50 Chain Mail Armor
KarasukWarrior
9:46 Feudal Age
11:56 Wheelbarrow
15:00 Castle Age
13:56 Double-Bit Axe
13:53 Horse Collar
14:08 Stone Mining
21:17 Imperial Age
20:41 Ballistics
20:25 Padded Archer Armor
21:25 Heavy Plow
23:55 Gold Mining
25:07 Conscription
27:26 Hand Cart
28:15 Elite Janissary
29:22 Leather Archer Armor
29:28 Bow Saw
30:57 Ring Archer Armor
quera65
1:04 Loom
10:09 Feudal Age
11:33 Double-Bit Axe
11:30 Horse Collar
16:32 Castle Age
17:34 Bow Saw
18:39 Wheelbarrow
19:03 Heavy Plow
21:28 Forging
21:39 Scale Mail Armor
23:04 Iron Casting
23:58 Marauders
24:17 Chain Mail Armor
24:07 Scale Barding Armor
26:15 Hand Cart
26:59 Town Watch
28:19 Chain Barding Armor
28:42 Gold Mining
28:42 Stone Mining
31:30 Imperial Age
29:02 Fletching
29:13 Padded Archer Armor
30:57 Town Patrol
31:40 Leather Archer Armor
31:21 Bodkin Arrow
30:52 Pikeman
31:32 Squires
31:17 Arson
30:53 Man-at-Arms
31:38 Elite Tarkan
34:13 Blast Furnace
33:49 Plate Barding Armor
33:17 Bracer
Ana Nzinga of Mbande Ndogo
6:57 Feudal Age
7:42 Double-Bit Axe
12:25 Castle Age
10:50 Horse Collar
11:50 Gold Mining
13:38 Wheelbarrow
13:36 Loom
14:20 Bow Saw
15:39 Heavy Plow
21:47 Hand Cart
Willy
9:01 Feudal Age
10:01 Double-Bit Axe
10:01 Horse Collar
15:54 Castle Age
21:09 Bow Saw
海鸥
0:43 Loom
7:29 Feudal Age
8:06 Horse Collar
8:25 Double-Bit Axe
16:01 Castle Age
17:25 Wheelbarrow
17:02 Heavy Plow
17:14 Bow Saw
18:26 Hand Cart
26:17 Gold Mining
26:19 Stone Mining
29:45 Imperial Age
28:36 Gold Shaft Mining
28:36 Stone Shaft Mining
28:06 Town Watch
28:22 Fletching
29:00 Bodkin Arrow
29:06 Padded Archer Armor
30:15 Elite Fire Archer
33:22 Ballistics
34:03 Chemistry
32:45 Treadmill Crane
白馬义从
1:41 Loom
7:03 Feudal Age
7:51 Double-Bit Axe
14:31 Castle Age
13:41 Stone Mining
13:48 Gold Mining
16:00 Scale Barding Armor
16:44 Husbandry
17:08 Bow Saw
19:14 Forging
20:28 Town Watch
22:33 Wheelbarrow
23:52 Pikeman
Connection lost

Rejoining the realm…

Still unreachable

The connection could not be restored.

Session expired

The server has moved on; the page needs a fresh start.